 Dungeon Crawl Stone Soup version 0.31-a0-43-g46d131a48f (webtiles) character file.

Game seed: 8827931741342448713

2 pk666 the Firebug (level 1, -1/10 HPs)
             Began as a Deep Elf Fire Elementalist on May 20, 2023.
             Slain by a gnoll
             ... wielding a +0 spear
              (9 damage)
             ... on level 1 of the Dungeon.
             The game lasted 00:00:16 (197 turns).

pk666 the Firebug (Deep Elf Fire Elementalist)       Turns: 197, Time: 00:00:17

Health: -1/10      AC:  3    Str:  5    XL:     1   Next: 33%
Magic:  4/6        EV: 12    Int: 19    God:
Gold:   0          SH:  0    Dex: 15    Spells: 5/6 levels left

rFire   . . .        e - +3 dagger
rCold   . . .        (no shield)
rNeg    . . .        a - +0 robe
rPois   .            (no helmet)
rElec   .            (no cloak)
rCorr   .            (no gloves)
SInv    .            d - +0 pair of boots
Will    .....        (no amulet)
Stlth   ++           (no ring)
HPRegen 0.21/turn    (no ring)
MPRegen 0.10/turn

%: no passive effects
@: no status effects
A: no striking features
a: no special abilities


You were on level 1 of the Dungeon.
You visited 1 branch of the dungeon, and saw 1 of its levels.

Inventory:

Hand Weapons
 e - a +3 dagger (weapon)
Armour
 a - a +0 robe (worn)
 d - a +0 pair of boots (worn)
Scrolls
 c - a scroll of fog {unknown}
Potions
 b - a potion of magic


   Skills:
 + Level 2.5 Dodging
 - Level 2.4 Stealth
 + Level 3.1 Spellcasting
 + Level 1.2 Conjurations
 + Level 3.3 Fire Magic


You had 5 spell levels left.
You knew the following spells:

 Your Spells              Type           Power      Damage    Failure   Level
a - Foxfire               Conj/Fire      44%        2x1d6     6%          1

Your spell library contained the following spells:

 Spells                   Type           Power      Damage    Failure   Level
 Scorch                   Fire           30%        2d6       6%          2
 Inner Flame              Hex/Fire       9%         N/A       22%         3
 Volatile Blastmotes      Fire/Tloc      18%        2d11      22%         3
 Flame Wave               Conj/Fire      11%        2d6       52%         4


Dungeon Overview and Level Annotations

Branches:
Dungeon (1/15)

Altars:


Message History

Your foxfire dissipates!
Your foxfire dissipates!
Your foxfire dissipates! x2
c - a scroll labelled HOIG VUYDUDWAR
Things that are here:
a +3 dagger; a kobold corpse
Found a pair of boots.
You see here a +0 pair of boots.
You start putting on your armour.
You continue putting on your +0 pair of boots. x4
You finish putting on your +0 pair of boots.
Unknown command.
Things that are here:
a +3 dagger; a kobold corpse
e - a +3 dagger (weapon)
Sorry, you're not good enough to have a special ability.
A gnoll comes into view. It is wielding a +0 spear.
The gnoll shouts!
The gnoll hits you from afar with a +0 spear.
A gnoll is nearby!
A gnoll is nearby!
Casting: Foxfire (safe; 6% risk of failure)
Confirm with . or Enter, or press ? or * to list all spells.
You conjure some foxfire!
The gnoll closely misses you.
The foxfire hits the gnoll.
The gnoll is moderately wounded.
The foxfire hits the gnoll but does no damage.
The gnoll is moderately wounded.
The gnoll hits you but does no damage.
Casting: Foxfire (safe; 6% risk of failure)
Confirm with . or Enter, or press ? or * to list all spells.
You conjure some foxfire!
The gnoll hits you from afar with a +0 spear.
The foxfire hits the gnoll.
The gnoll is moderately wounded.
The foxfire hits the gnoll.
The gnoll is severely wounded.
The gnoll hits you from afar with a +0 spear!
Ouch! That really hurt!
You die...

#### .... #..# #..#
.# #..# #..##.#
###..#
#..##.#.#.g.ยง#
#####..##.#.#. #@#
...[...##.#.#.##.#
...##..##.#.#.##.#
...##.......#.##.#
...##.......#.##.#
..)##.......#.##.#
...##.......#.##.###
...................#
...##.......#.######


You could see a gnoll.

Vanquished Creatures
  An endoplasm (D:1)
  A bat (D:1)
  A kobold (D:1)
3 creatures vanquished.

Vanquished Creatures (others)
  19 foxfires (D:1)
19 creatures vanquished.

Grand Total: 22 creatures vanquished

Notes
Turn   | Place    | Note
-------+----------+-------------------------------------------
     0 | D:1      | pk666 the Deep Elf Fire Elementalist began the quest for
                  | the Orb.
     0 | D:1      | Reached XP level 1. HP: 10/10 MP: 6/6
   197 | D:1      | Slain by a gnoll

Illustrated notes

Levels and vault maps discovered:
D:1:      dpeg_arrival_simpleton_b, layout_basic, minmay_lizard_pond

Action                     || total
---------------------------++-------
   Cast: Foxfire           ||    11
 Armour: Robe              ||     2
  Dodge: Dodged            ||     1

Table legend: (Time is in decaauts)
 A = Elapsed time spent in this place.
 B = Non-inter-level travel time spent in this place.
 C = Inter-level travel time spent in this place.
 D = Time resting spent in this place.
 E = Time spent auto-exploring this place.
 F = Levels seen in this place.
 G = Mean time per level.
                   A        B        C        D        E       F      G
               +--------+--------+--------+--------+--------+-----+--------+
         Total |    196 |    182 |     14 |      0 |    142 |   1 |  196.0 |
       Dungeon |    196 |    182 |     14 |      0 |    142 |   1 |  196.0 |
               +--------+--------+--------+--------+--------+-----+--------+

Top non-repeatable levels by time:
     D:1: 196 daAuts
